 Dungeon Crawl Stone Soup version 0.21.0 (webtiles) character file.

867 tidbits the Slasher (level 8, 0/61 HPs)
             Began as a Barachi Skald on Jan 6, 2018.
             Was a Believer of Uskayaw.
             Slain by kegs's ghost (11 damage)
             ... on level 4 of the Dungeon.
             The game lasted 00:18:10 (1449 turns).

tidbits the Slasher (Barachi Skald)                 Turns: 1449, Time: 00:18:11

Health: 0/61       AC:  5    Str: 12    XL:     8   Next: 3%
Magic:  3/15       EV: 13    Int: 16    God:    Uskayaw [**....]
Gold:   146        SH:  0    Dex: 12    Spells: 5/16 levels left

rFire    . . .     SeeInvis .   h - +0 rapier
rCold    . . .     Gourm    .   (no shield)
rNeg     . . .     Faith    .   B - +0 leather armour
rPois    .         Spirit   .   (no helmet)
rElec    .         Reflect  .   C - +0 cloak
rCorr    .         Harm     .   (no gloves)
MR       .....                  F - +0 pair of boots
Stlth    +.........             p - amulet of regeneration
HPRegen  0.60/turn              (no ring)
MPRegen  0.14/turn              (no ring)

@: singing (expiring), slow
A: +LOS, swims, slowness 1, strong legs 1
a: Hop, Stomp, Line Pass, Renounce Religion


You were on level 4 of the Dungeon.
You worshipped Uskayaw.
Uskayaw was noncommittal.
You were not hungry.

You visited 1 branch of the dungeon, and saw 6 of its levels.

You collected 146 gold pieces.

Inventory:

Hand Weapons
 a - a +0 falchion
 b - a +0 scythe
 f - a +0 dagger
 h - a +0 rapier (weapon)
Missiles
 i - 33 stones
 n - 15 tomahawks
 s - 3 javelins (quivered)
Armour
 k - a +0 buckler
 m - a +0 ring mail
 B - a +0 leather armour (worn)
 C - a +0 cloak (worn)
 F - a +0 pair of boots (worn)
Jewellery
 p - an amulet of regeneration (around neck)
   (You found it on level 3 of the Dungeon)
Scrolls
 e - a scroll of enchant weapon {unknown}
 g - a scroll of identify {unknown}
 j - a scroll of noise {unknown}
 q - a scroll of random uselessness {unknown}
 r - a scroll of fear {unknown}
Books
 c - a book of Battle

   Spells                             Type                      Level
   a - Infusion                       Charms                       1
   b - Shroud of Golubria             Charms/Translocation         2
   c - Song of Slaying                Charms                       2
   d - Spectral Weapon                Hexes/Charms                 3
   e - Regeneration                   Charms/Necromancy            3
Comestibles
 d - 2 rations


   Skills:
 + Level 4.4 Fighting
 * Level 5.9 Long Blades
 - Level 1.2 Armour
 + Level 4.0 Dodging
 - Level 4.9 Spellcasting
 - Level 5.4 Charms


You had 5 spell levels left.
You knew the following spells:

 Your Spells              Type           Power        Failure   Level  Hunger
g - Shroud of Golubria    Chrm/Tloc      ##........   10%         2    ##.....
i - Infusion              Chrm           ###.         1%          1    None
r - Regeneration          Chrm/Necr      ##........   19%         3    ###....
w - Spectral Weapon       Hex/Chrm       ##......     19%         3    ###....
y - Song of Slaying       Chrm           ###.....     3%          2    ##.....


Dungeon Overview and Level Annotations

Branches:
Dungeon (6/15)
 Temple: D:4-7

Altars:
Ashenzari
Cheibriados
Dithmenos
Fedhas
Qazlal
Uskayaw
Vehumet

Annotations:
D:4 kegs's ghost, novice HOFi


Innate Abilities, Weirdness & Mutations

Shadows flee at your approach. (+LOS)
You can swim through water.
You cover ground slowly.
You can hop short distances.


Message History

You see here 6 tomahawks.
n - 11 tomahawks (gained 6)
You see here 4 tomahawks.
n - 15 tomahawks (gained 4)
Found 14 gold pieces.
Casting: Spectral Weapon
Confirm with . or Enter, or press ? or * to list all spells.
Space distorts slightly along a thin shroud covering your body.
Casting: Shroud of Golubria
Confirm with . or Enter, or press ? or * to list all spells.
You start singing a song of slaying.
An orc comes into view. It is wielding a whip.
Casting: Song of Slaying
Confirm with . or Enter, or press ? or * to list all spells.
Your skin crawls.
Your shroud begins to fray at the edges.
The hungry ghost closely misses you.
Unknown command.
You closely miss the hungry ghost.
Your spectral weapon hits the hungry ghost!
The hungry ghost completely misses you.
The teleport trap disappears.
The orc disappears!
You barely miss the hungry ghost.
The hungry ghost is lightly damaged.
Your spectral weapon fades away.
The hungry ghost misses you.
Casting: Regeneration
Confirm with . or Enter, or press ? or * to list all spells.
You draw out your weapon's spirit!
Your shroud bends the hungry ghost's attack away.
You puncture the hungry ghost!
The hungry ghost is moderately damaged.
Your skin is crawling a little less now.
Your spectral weapon hits the hungry ghost!
The hungry ghost closely misses you.
You puncture the hungry ghost!
The hungry ghost is almost destroyed.
Your spectral weapon completely misses the hungry ghost.
Your shroud bends the hungry ghost's attack away.
You can now pass through a line of other dancers.
You closely miss the hungry ghost.
The hungry ghost is almost destroyed.
Your shroud unravels.
Your spectral weapon closely misses the hungry ghost.
The hungry ghost closely misses you.
Your magical contamination has completely faded away.
You miss the hungry ghost.
The hungry ghost is almost destroyed.
Your spectral weapon hits the hungry ghost!
You destroy the hungry ghost!
Your Dodging skill increases to level 4!
You have reached level 8!
You feel clever. The orc barely misses you.
You hit the orc.
The orc is moderately wounded.
Your spectral weapon hits the orc!
You kill the orc!
Kegs's ghost hits you but does no damage.
You closely miss the orc.
Your spectral weapon hits the orc but does no damage.
The orc hits you but does no damage. Kegs's ghost hits you!
You puncture the orc!
You kill the orc!
Your skin stops crawling.
Kegs's ghost closely misses you.
You hit kegs's ghost.
Kegs's ghost is lightly damaged.
Your spectral weapon barely misses kegs's ghost.
Kegs's ghost hits you!
You hit kegs's ghost.
Kegs's ghost is lightly damaged.
Your spectral weapon closely misses kegs's ghost.
Kegs's ghost hits you!
* * * LOW HITPOINT WARNING * * *
You miss kegs's ghost.
Kegs's ghost is lightly damaged.
Your spectral weapon hits kegs's ghost but does no damage.
Kegs's ghost hits you.
* * * LOW HITPOINT WARNING * * *
You aren't carrying any potions.
Unknown command.
You barely miss kegs's ghost.
Kegs's ghost is lightly damaged.
Your song is almost over.
Your spectral weapon barely misses kegs's ghost.
Kegs's ghost hits you.
* * * LOW HITPOINT WARNING * * *
You hit kegs's ghost but do no damage.
Kegs's ghost is lightly damaged.
Your spectral weapon hits kegs's ghost but does no damage.
Kegs's ghost hits you but does no damage.
You hit kegs's ghost but do no damage.
Kegs's ghost is lightly damaged.
Your spectral weapon hits kegs's ghost!
Kegs's ghost hits you!
* * * LOW HITPOINT WARNING * * *
You closely miss kegs's ghost.
Kegs's ghost is lightly damaged.
Your spectral weapon hits kegs's ghost!
Kegs's ghost hits you!
You die...

#..#.............#
######..............##
.................##.#
.........†...<.[.#
.................#
.................#
.................#
####.##..........# ## #.
#...[@)....# .. #
#....(W....... .##
.....>..........$ ..###
............?....
....#####.##.##.........
#.......#. #.
...#......$...
#......... ..
####..........
##............
##..........
#o...W........
..........(.


You could see kegs's ghost and a friendly spectral rapier.

Vanquished Creatures
  Sigmund (D:3)
  A hungry ghost (D:4)
  An ogre (D:4)
  The ghost of inmateoo the Insei, an amateur DsGl (D:3)
  2 scorpions
  A hound (D:4)
  Jessica (D:3)
  An orc wizard (D:3)
  3 worker ants
  3 gnolls (D:3)
  5 adders
  4 worms
  2 dart slugs
  5 leopard geckos
  7 orcs
  4 giant cockroaches
  8 goblins
  5 hobgoblins
  6 jackals
  3 kobolds
  A quokka (D:2)
  4 bats
  3 frilled lizards
  A leopard gecko skeleton (D:4)
  A quokka zombie (D:5)
  2 rats (D:3)
76 creatures vanquished.

Notes
Turn   | Place    | Note
-------+----------+-------------------------------------------
     0 | D:1      | tidbits the Barachi Skald began the quest for the Orb.
     0 | D:1      | Reached XP level 1. HP: 17/17 MP: 3/3
   111 | D:1      | Reached XP level 2. HP: 8/23 MP: 0/5
   121 | D:1      | Reached skill level 3 in Spellcasting
   125 | D:1      | Learned a level 2 spell: Song of Slaying
   128 | D:1      | Learned a level 2 spell: Shroud of Golubria
   315 | D:3      | Found a hide-covered altar of Uskayaw.
   320 | D:3      | Became a worshipper of Uskayaw the Reveler
   326 | D:3      | HP: 2/23 [hobgoblin/club (4)]
   327 | D:3      | Reached XP level 3. HP: 2/28 MP: 1/8
   332 | D:3      | Learned a level 3 spell: Regeneration
   342 | D:3      | Reached * piety under Uskayaw
   349 | D:3      | Noticed Sigmund
   350 | D:3      | Noticed Jessica
   399 | D:2      | Reached ** piety under Uskayaw
   422 | D:2      | Found a snail-covered altar of Cheibriados.
   422 | D:2      | Found a shadowy altar of Dithmenos.
   647 | D:3      | Killed Jessica
   647 | D:3      | Reached skill level 4 in Charms
   647 | D:3      | Reached XP level 4. HP: 34/34 MP: 9/9
   665 | D:3      | Reached *** piety under Uskayaw
   666 | D:3      | Killed Sigmund
   666 | D:3      | Reached skill level 4 in Spellcasting
   666 | D:3      | Reached skill level 5 in Charms
   666 | D:3      | Reached XP level 5. HP: 24/39 MP: 8/12
   666 | D:3      | Reached XP level 6. HP: 29/46 MP: 8/13
   666 | D:3      | Reached **** piety under Uskayaw
   681 | D:3      | Learned a level 3 spell: Spectral Weapon
   744 | D:3      | Reached skill level 3 in Long Blades
   753 | D:4      | Noticed a hungry ghost
   832 | D:3      | Noticed inmateoo's ghost (amateur DsGl)
   846 | D:3      | Killed inmateoo's ghost
   846 | D:3      | Reached skill level 3 in Fighting
   871 | D:3      | Reached XP level 7. HP: 24/52 MP: 2/14
   912 | D:3      | Reached skill level 4 in Long Blades
   912 | D:3      | Reached skill level 3 in Dodging
   933 | D:3      | Found a radiant altar of Vehumet.
   981 | D:3      | Found a shattered altar of Ashenzari.
  1081 | D:4      | Noticed kegs's ghost (novice HOFi)
  1242 | D:5      | Entered Level 5 of the Dungeon
  1286 | D:5      | Reached skill level 5 in Long Blades
  1292 | D:5      | Reached skill level 4 in Fighting
  1378 | D:6      | Found a blossoming altar of Fedhas.
  1399 | D:5      | Found a stormy altar of Qazlal.
  1439 | D:4      | Killed a hungry ghost
  1439 | D:4      | Reached skill level 4 in Dodging
  1439 | D:4      | Reached XP level 8. HP: 61/61 MP: 1/15
  1449 | D:4      | Slain by kegs's ghost

Skill      XL: |  1  2  3  4  5  6  7 |
---------------+----------------------+-----
Spellcasting   | 3 4 |  4.9
Charms         | 4 5 |  5.4
Long Blades    | 3 5 |  5.9
Fighting       | 3 4 |  4.4
Dodging        | 4 |  4.0
Armour         | |  1.2

Action                   |  1- 3 |  4- 6 |  7- 9 || total
-------------------------+-------+-------+-------++-------
Melee: Falchion          |    69 |    39 |    71 ||   179
       Unarmed           |     7 |    10 |       ||    17
       Rapier            |       |       |    41 ||    41
Throw: Tomahawk          |       |     1 |       ||     1
       Javelin           |       |       |     3 ||     3
 Cast: Infusion          |    12 |       |       ||    12
       Shroud of Golubri |     2 |     2 |     5 ||     9
       Regeneration      |     1 |     5 |     7 ||    13
       Song of Slaying   |       |     3 |     4 ||     7
       Spectral Weapon   |       |     5 |     8 ||    13
 Abil: Hop               |     1 |       |     1 ||     2
Evoke: Wand              |       |     3 |    11 ||    14
  Use: Potion            |     3 |     5 |     2 ||    10
       Scroll            |       |       |     2 ||     2
 Stab: Paralysed         |       |     1 |     2 ||     3
       Distracted        |       |       |     1 ||     1
  Eat: Ration            |       |     1 |     2 ||     3
       Chunk             |       |     1 |       ||     1
Armor: Leather armour    |    18 |    29 |    46 ||    93
       Skin              |     3 |     7 |       ||    10
Dodge: Dodged            |    52 |    50 |    66 ||   168
       Rpst.: Falchion   |    16 |     9 |     7 ||    32

Table legend:
 A = Turns spent in this place as a percentage of turns spent in the entire game.
 B = Non-inter-level travel turns spent in this place as a percentage of non-inter-level travel turns spent in the entire game.
 C = Inter-level travel turns spent in this place as a percentage of turns spent in this place.
 D = Turns resting spent in this place as a percentage of non-inter-level travel turns spent in this place.
 E = Turns spent auto-exploring this place as a percentage of non-inter-level travel turns spent in this place.
 F = Non-inter-level travel turns spent in this place divided by the number of levels of this place that you've seen.
                   A       B       C       D       E      F
               +-------+-------+-------+-------+-------+----------------------
         Total | 100.0 | 100.0 |   0.0 |   0.0 |   0.0 | 241.5
       Dungeon | 100.0 | 100.0 |   0.0 |   0.0 |   0.0 | 241.5
               +-------+-------+-------+-------+-------+----------------------

Table legend:
 A = Kills in this place as a percentage of kills in entire the game.
 B = Kills by you in this place as a percentage of kills by you in the entire game.
 C = Kills by friends in this place as a percentage of kills by friends in the entire game.
 D = Other kills in this place as a percentage of other kills in the entire game.
 E = Experience gained in this place as a percentage of experience gained in the entire game.
 F = Experience gained in this place divided by the number of levels of this place that you have seen.
                   A       B       C       D       E      F
               +-------+-------+-------+-------+-------+----------------------
         Total | 100.0 | 100.0 |   N/A |   N/A | 100.0 | 206.5
       Dungeon | 100.0 | 100.0 |   N/A |   N/A | 100.0 | 206.5
               +-------+-------+-------+-------+-------+----------------------

Vault maps used:
D:1:      saegor_arrival_simple_b, serial_co_window_serial, co_window_corner_a,
          co_window_paths_a, co_window_paths_a, co_window_of_opportunity_a,
          co_window_paths_a, co_window_broadway_b, co_window_of_opportunity_b,
          co_window_broadway_b, co_window_corner_b, co_window_2corner,
          co_window_4corner_a, co_window_4corner_b, glass_columns_a,
          glass_columns_a, glass_columns_a, minmay_shallow_snake_nest
D:2:      gammafunk_temple_overflow_statue
D:3:      eat_drink_and_be_merry_uskayaw, vehumet_crystals, nrook_mini_vaults,
          minivault_23, hangedman_decor_clover_reticule, minmay_misc_feat_chi,
          evilmike_ruin_ashenzari, uniq_jessica, uniq_sigmund
D:4:      tgw_xom, st_stairs_8
D:5:      nicolae_overflow_hidden_temple, nicolae_overflow_crystal_walls,
          kennysheep_mini, lemuel_coloured_pillars_altar, first_ration
D:6:      lemuel_round_altar, fedhas_bush_and_centaur_altar,
          minmay_temple_entry_enclosed_plants, minmay_crystal_water
